 Dungeon Crawl Stone Soup version 0.28.0-53-g5a82cb258f (webtiles) character file.

Game seed: 7836750794068717374

398324 Jerry the Rapturous (level 23, -2/156 (160) HPs)
             Began as a Vine Stalker Fighter on July 29, 2022.
             Was an Elder of Uskayaw.
             Killed from afar by an ancient champion (15 damage)
             ... with an iron shot
             ... on level 1 of the Crypt.
             The game lasted 03:01:28 (39640 turns).

Jerry the Rapturous (Vine Stalker Fighter)         Turns: 39640, Time: 03:01:29

HP:   -2/156 (160)  AC: 28    Str: 28    XL:     23   Next: 25%
MP:   0/38          EV: 11    Int: 10    God:    Uskayaw [****..]
Gold: 2891          SH: 15    Dex: 20    Spells: 22/22 levels left

rFire   + . .      SeeInvis +   b - +9 quick blade (protect)
rCold   + + +      Faith    .   L - +2 kite shield
rNeg    + + .      Spirit   +   V - +1 plate armour {rC+}
rPois   +          Reflect  .   J - +2 hat {SInv}
rElec   .          Harm     .   a - scarf {rC+ rF+}
rCorr   .          Rampage  ∞   i - +0 pair of gloves
Will    ++...                   Q - +3 pair of seven-league boots {Rampage+∞}
Stlth   ..........              v - amulet of regeneration
HPRegen 2.76/turn               W - ring of positive energy
MPRegen 0.26/turn               U - ring "Bemaruyq" {Fly rPois rC++ rN+ Str+4}

@: about to teleport, flying, lightly drained
A: fangs 3, regeneration 2, magic shield, antimagic bite, no potion heal 2,
clever 1, robust 2
}: 2/15 runes: decaying, gossamer
a: Renounce Religion, Stomp, Line Pass


You were on level 1 of the Crypt.
You worshipped Uskayaw.
Uskayaw was greatly pleased with you.
You visited 10 branches of the dungeon, and saw 41 of its levels.
You also visited: Ice Cave.

You collected 4503 gold pieces.
You spent 1612 gold pieces at shops.

Inventory:

Hand Weapons
 b - a +9 quick blade of protection (weapon)
Missiles
 u - 6 throwing nets (quivered)
Armour
 a - a scarf of resistance (worn)
 i - a +0 pair of gloves (worn)
 y - a +1 cloak of preservation
 J - a +2 hat of see invisible (worn)
 L - a +2 kite shield (worn)
 Q - the +3 pair of seven-league boots (worn) {Rampage+∞}
   (You found it on level 6 of the Lair of Beasts)

   Its wearer moves as far as possible in that direction when moving towards
   enemies.
 V - a +1 plate armour of cold resistance (worn)
Jewellery
 n - the dreamshard necklace {*Dream Drain}
   (You found it on level 4 of the Dungeon)

   [amulet of nothing]

   It shatters if its wearer takes lethal or near-lethal damage, preventing the
   blow and releasing protective dreams that heal and fight for the wearer.
   Drain:     It drains your maximum health when unequipped.
 v - an amulet of regeneration (around neck)
 R - the ring "Ruesh" {Fly rF+ EV+4 SInv}
   (You found it on level 11 of the Dungeon)

   [ring of evasion]

   EV:        It affects your evasion (+4).
   rF:        It protects you from fire.
   SInv:      It lets you see invisible.
   Fly:       It grants you flight.
 U - the ring "Bemaruyq" (right hand) {Fly rPois rC++ rN+ Str+4}
   (You bought it in a shop on level 3 of the Depths)

   [ring of flight]

   Str:       It affects your strength (+4).
   rC:        It greatly protects you from cold.
   rPois:     It protects you from poison.
   rN:        It protects you from negative energy.
   Fly:       It grants you flight.
 W - a ring of positive energy (left hand)
 Y - the ring of Qaerch {rF+++ rCorr Int+6 Dex-4 Stlth-}
   (You took it off an ironbound preserver on level 3 of the Vaults)

   [ring of intelligence]

   Int:       It affects your intelligence (+6).
   Dex:       It affects your dexterity (-4).
   rF:        It renders you almost immune to fire.
   rCorr:     It protects you from acid and corrosion.
   Stlth:     It makes you less stealthy.
Wands
 m - a wand of flame (136)
 o - a wand of acid (9)
 p - a wand of iceblast (15)
 q - a wand of polymorph (16)
 w - a wand of paralysis (39)
 x - a wand of digging (8)
 G - a wand of charming (3)
Scrolls
 c - a scroll of summoning
 e - 22 scrolls of identify
 f - 7 scrolls of teleportation
 g - 8 scrolls of amnesia
 k - 8 scrolls of blinking
 l - 6 scrolls of magic mapping
 s - 5 scrolls of holy word
 B - 4 scrolls of vulnerability
 C - a scroll of immolation
 D - a scroll of silence
 E - 3 scrolls of fear
 H - 3 scrolls of fog
 O - 3 scrolls of enchant armour
 T - a scroll of enchant weapon
Potions
 d - 7 potions of might
 h - 7 potions of mutation
 j - a potion of experience
 r - 5 potions of resistance
 t - a potion of magic
 z - 3 potions of berserk rage
 A - 15 potions of ambrosia
 F - 5 potions of brilliance
 I - 12 potions of curing
 K - 6 potions of haste
 M - 7 potions of attraction
 N - 2 potions of cancellation
 P - 6 potions of invisibility


   Skills:
 + Level 18.4 Fighting
 + Level 14.8 Short Blades
 + Level 18.5 Armour
 - Level 6.2 Dodging
 + Level 11.3 Shields
 + Level 21.2 Invocations


You had 22 spell levels left.
You didn't know any spells.
Your spell library contained the following spells:

 Spells                   Type           Power      Damage    Failure   Level
 Freeze                   Ice            0%         1d3       98%         1
 Magic Dart               Conj           0%         1d3       98%         1
 Pain                     Necr           0%         1d4       98%         1
 Blink                    Tloc           0%         N/A       99%         2
 Call Imp                 Summ           0%         N/A       99%         2
 Scorch                   Fire           0%         2d5       99%         2
 Dazzling Flash           Conj/Hex       0%         N/A       100%        3
 Frozen Ramparts          Ice            0%         1d2       100%        3
 Gell's Gravitas          Tloc           0%         N/A       100%        3
 Ignite Poison            Fire/Tmut/Pois 0%         N/A       100%        3
 Inner Flame              Hex/Fire       0%         N/A       100%        3
 Mephitic Cloud           Conj/Pois/Air  0%         N/A       100%        3
 Teleport Other           Tloc           0%         N/A       100%        3
 Tukima's Dance           Hex            0%         N/A       100%        3
 Airstrike                Air            0%         N/A       100%        4
 Anguish                  Hex/Necr       0%         N/A       100%        4
 Animate Dead             Necr           0%         N/A       100%        4
 Cause Fear               Hex            0%         N/A       100%        4
 Flame Wave               Conj/Fire      0%         2d4       100%        4
 Hailstorm                Conj/Ice       0%         3d3       100%        4
 Olgreb's Toxic Radiance  Pois           0%         N/A       100%        4
 Passage of Golubria      Tloc           0%         N/A       100%        4
 Summon Lightning Spire   Summ/Air       0%         N/A       100%        4
 Agony                    Necr           0%         N/A       100%        5
 Borgnjor's Vile Clutch   Necr/Erth      0%         N/A       100%        5
 Excruciating Wounds      Necr           0%         N/A       100%        5
 Freezing Cloud           Conj/Ice/Air   0%         6-21      100%        5
 Lightning Bolt           Conj/Air       0%         1d11      100%        5
 Manifold Assault         Tloc           0%         N/A       100%        5
 Silence                  Hex/Air        0%         N/A       100%        5
 Summon Forest            Summ/Tloc      0%         N/A       100%        5
 Death Channel            Necr           0%         N/A       100%        6
 Dispersal                Tloc           0%         N/A       100%        6
 Eringya's Noxious Bog    Tmut/Pois      0%         N/A       100%        6
 Summon Cactus Giant      Summ           0%         N/A       100%        6
 Enfeeble                 Hex            0%         N/A       100%        7
 Ozocubu's Refrigeration  Ice            0%         4d5       100%        7
 Storm Form               Tmut/Air       0%         N/A       100%        7
 Summon Hydra             Summ           0%         N/A       100%        7
 Discord                  Hex            0%         N/A       100%        8
 Ignition                 Fire           0%         3d3       100%        8
 Lehudib's Crystal Spear  Conj/Erth      0%         10d2      100%        8


Dungeon Overview and Level Annotations

Branches:
Dungeon (15/15)            Temple (1/1) D:4            Lair (6/6) D:10
  Swamp (4/4) Lair:2       Spider (4/4) Lair:3        Slime (0/5) Lair:5
    Orc (2/2) D:9             Elf (1/3) Orc:2        Vaults (3/5) D:13
  Crypt (1/3) Vaults:2     Depths (4/4) D:15            Zot (0/5) Depths:4
  IceCv (visited)

Altars:
Ashenzari
Cheibriados
Dithmenos
Elyvilon
Fedhas
Gozag
Hepliaklqana
Kikubaaqudgha
Makhleb
Nemelex Xobeh
Okawaru
Qazlal
Ru
Sif Muna
Trog
Uskayaw
Vehumet
Wu Jian
Xom
Yredelemnul
Zin
The Shining One
Jiyva

Shops:
D:2 (   D:3 =   D:8 *   D:12 *   D:15 (   Orc:2 [!?!   Vaults:1 [
Depths:3 :==

Portals:
Hell: Depths:1 Depths:2 Depths:3 Depths:4
Abyss: Depths:1 Depths:3
Pandemonium: Depths:1 Depths:2
Ziggurat: Depths:4

Annotations:
D:4 Sigmund
Lair:5 3 runed translucent doors, Tali's ghost, journeyman DsBe
Spider:4 2 transporters, Ornithology's ghost, adept TeAE
Orc:1 2 runed translucent doors, Plasmagod's ghost, journeyman VSFi


Innate Abilities, Weirdness & Mutations

You have razor-sharp teeth.
You heal very quickly.
When hurt, damage is shared between your health and your magic reserves.
Your bite disrupts and absorbs the magic of your enemies.
Potions cannot restore your health.
Your mind is acute. (Int +2)
You are very robust. (+20% HP)


Message History

* * * LOW HITPOINT WARNING * * *
You block the ancient champion's attack.
The ghoul closely misses you. The ghoul misses you.
The ancient champion hits you with a +2 battleaxe of flaming.
* * * LOW HITPOINT WARNING * * *
The ghoul misses you. You block the ghoul's attack.
The ancient champion hits you but does no damage.
You partially resist.
The ancient champion falters for a moment.
The ancient champion enters a dispersal trap!
The ghoul blinks!
The eleionoma zombie blinks!
The ancient champion blinks!
The ghoul blinks!
The necrophage blinks!
The ghoul blinks! x2
The spectral swamp dragon blinks!
The ghoul blinks!
You blink.
The ancient champion blinks!
The ancient champion casts a spell at you.
The iron shot hits you!!
* * * LOW HITPOINT WARNING * * *
The ancient champion falters for a moment.
The ancient champion falters for a moment.
The ancient champion's magic is no longer disrupted.
You block the ancient champion's attack.
You block the ancient champion's attack.
You block the ancient champion's attack.
As you read the scroll of teleportation, it crumbles to dust.
You feel strangely unstable.
The ancient champion casts a spell at you.
The iron shot hits you!!
* * * LOW HITPOINT WARNING * * *
The ancient champion hits you with a +2 great mace of draining!!
* * * LOW HITPOINT WARNING * * *
You partially resist.
You feel drained.
* * * LOW HITPOINT WARNING * * *
Uskayaw links your audience in an emotional bond!
Your surroundings seem slightly different.
You can no longer merge with and destroy a victim.
As you read the scroll of teleportation, it crumbles to dust.
You feel strangely unstable.
The ancient champion gestures at you while chanting.
The iron shot hits you!!
You die...

#.......#
#.........#
#.......#
#..#####..#
#.......# #..# ..
#.....Zn###++## .
#.....z.....>.##
#......n.......#
##....z........##
##.............#
##@..........##
#++##.)....##
#...')).>.##
#..##)...##
#..###''####
#..........#
#.............
#..###........
#..# ##..##### #


You could see a ghoul (summoned, pain bonded), 2 ancient champions, a necrophage
(summoned, pain bonded) and a bullfrog skeleton (pain bonded).

Vanquished Creatures
  A juggernaut (Depths:2)
  The ghost of Kaptain the Metallomancer, a veteran GrEE (Depths:3)
  Nikola (Spider:2)
  A bone dragon (Swamp:4)
  2 liches (Depths:3)
  Mlioglotl (Swamp:1)
  Jorgrun (Swamp:1)
  2 tentacled monstrosities (Depths:3)
  3 titans
  6 sphinxes
  Kirke (Swamp:4)
  A thorn hunter (Swamp:4)
  An ancient champion (Vaults:2)
  4 tengu reavers
  2 shadow dragons
  10 fire giants
  3 storm dragons
  3 revenants (Crypt:1)
  2 fenstrider witches
  A deep elf sorcerer (D:15)
  An iron dragon (Depths:4)
  12 vault wardens
  An orc warlord (Vaults:1)
  9 emperor scorpions
  6 frost giants
  Louise (Swamp:4)
  A caustic shrike zombie (Crypt:1)
  A spriggan defender (Depths:3)
  5 ghost moths
  The ghost of Viyna the Grappler, a journeyman DrTm of Dithmenos (Lair:6)
  2 curse skulls (Crypt:1)
  16 ironbound preservers
  A draconian annihilator (Depths:4)
  13 very ugly things
  5 broodmothers
  A ghoul (Swamp:3)
  11 stone giants
  2 eleionomae (Swamp:1)
  4 ironbound thunderhulks
  17 spark wasps
  2 yellow draconians
  7 dire elephants
  The ghost of Wostir the Carver, a journeyman TeMo of the Shining One (Lair:6)
  5 entropy weavers
  A purple draconian (Depths:4)
  6 vampire knights
  4 bunyips
  3 ettins
  A white draconian (Depths:4)
  Snorg (D:10)
  An eidolon (Crypt:1)
  3 fire dragons
  Josephine (D:10)
  10 jiangshi
  7 great orbs of eyes
  2 rakshasas (Depths:2)
  7 vault guards
  2 shambling mangroves
  5 yaktaur captains
  Harold (D:11)
  6 ghost crabs
  15 hydras
  5 ironbound frosthearts
  6 ice dragons
  21 centaur warriors
  2 spriggan air magi
  9 boulder beetles
  6 ogre magi
  An anaconda (Lair:6)
  5 jorogumos
  A two-headed ogre (shapeshifter) (Depths:1)
  12 alligators
  5 catoblepae
  4 death knights
  8 deep troll shamans
  19 two-headed ogres
  A death yak (shapeshifter) (Depths:4)
  3 death yaks (Lair:6)
  7 tengu warriors
  8 vampire magi
  A spriggan berserker (Depths:1)
  5 deep troll earth magi
  A storm dragon zombie (D:15)
  Sonja (Lair:5)
  6 hell knights (Depths:3)
  Nergalle (Lair:1)
  A sun demon (Depths:1)
  20 skeletal warriors
  4 iron trolls
  3 goliath frogs
  3 glowing orange brains
  2 sun moths
  42 deep trolls
  3 swamp dragons
  5 pharaoh ants
  A death drake (Swamp:4)
  A flayed ghost (Depths:2)
  11 orb spiders
  5 spriggan druids
  8 bog bodies
  A deep elf archer (D:15)
  6 phantasmal warriors
  11 wizards
  4 spectral hydras (Swamp:4)
  16 lindwurms
  3 necromancers
  A bunyip skeleton (Crypt:1)
  10 ironbound convokers
  An iron dragon zombie (D:15)
  9 orc knights
  4 steelbarb worms
  23 wolf spiders
  4 deep elf zephyrmancers
  A harpy (shapeshifter) (D:13)
  6 deep elf pyromancers
  An orc sorcerer (Orc:2)
  5 manticores
  20 slime creatures
  9 cyclopes
  A will-o-the-wisp (Swamp:2)
  An oklob plant (Lair:3)
  2 moths of wrath
  34 ugly things
  8 elephants
  6 black mambas
  16 vault sentinels
  A guardian serpent (Lair:6)
  A gargoyle (D:12)
  A black mamba (shapeshifter) (D:13)
  A centaur skeleton (Crypt:1)
  14 cane toads
  2 ice statues (IceCv)
  5 torpor snails
  A dire elephant skeleton (Crypt:1)
  5 freezing wraiths
  A swamp worm zombie (Swamp:4)
  4 demonic crawlers
  13 komodo dragons
  3 kobold demonologists
  An efreet (D:13)
  11 rime drakes
  26 yaktaurs
  2 tengu conjurers
  5 trolls
  5 hydra zombies (Swamp:4)
  A meliai (shapeshifter) (D:15)
  9 polar bears (Lair:6)
  10 meliai
  A queen bee (D:14)
  23 tarantellas
  7 tyrant leeches
  14 hornets
  2 blink frogs (shapeshifter)
  19 blink frogs
  5 raiju (Lair:6)
  2 spectral swamp dragons (Swamp:4)
  15 dream sheep (Lair:6)
  A centaur simulacrum (D:14)
  4 alligator zombies (Swamp:4)
  30 culicivoras
  26 jumping spiders
  5 spriggans
  4 wyverns
  2 water elementals (Depths:1)
  9 wraiths
  A shadow (D:12)
  2 spriggan skeletons (D:15)
  A vampire (D:10)
  48 yaks
  Grum (D:10)
  Eustachio (D:4)
  6 basilisks
  70 redbacks
  3 hogs (Swamp:4)
  8 wargs
  20 swamp worms
  Menkaure (D:6)
  25 vampire mosquitoes
  A deep troll zombie (Crypt:1)
  3 acid dragons
  12 hell hounds (Lair:6)
  A water nymph skeleton (Crypt:1)
  2 swamp drakes
  16 water moccasins
  An ettin simulacrum (Crypt:1)
  15 orc warriors
  2 sky beasts
  3 ice beasts
  16 black bears
  A boggart (Vaults:2)
  A necrophage (Swamp:3)
  2 swamp dragon zombies (Swamp:4)
  30 ogres
  27 wolves
  15 centaurs
  2 phantoms
  5 kobold brigands
  18 bullfrogs
  Blork the orc (D:4)
  A draconian skeleton (Crypt:1)
  4 scorpions
  38 killer bees
  A water moccasin skeleton (D:6)
  4 lindwurm simulacra (IceCv)
  2 vampire bats (Lair:1)
  A jelly (D:5)
  3 wights (D:10)
  4 howler monkeys
  3 electric eels
  A crimson imp (Orc:1)
  7 komodo dragon simulacra (IceCv)
  A bullfrog zombie (D:5)
  A bullfrog skeleton (D:5)
  3 centaur zombies
  3 hounds
  A jelly (shapeshifter) (Depths:4)
  9 orc priests
  A gnoll shaman (D:8)
  An iron imp (Orc:1)
  2 hell rats (Lair:6)
  5 iguanas
  16 orc wizards
  A spectral swamp drake (Swamp:4)
  A scorpion zombie (Crypt:1)
  A killer bee zombie (D:7)
  A demigod skeleton (Crypt:1)
  2 howler monkey zombies
  9 gnolls
  6 adders
  A swamp drake zombie (Swamp:4)
  4 acid dragon simulacra (IceCv)
  A shadow imp (Orc:1)
  14 white imps
  6 steam dragon simulacra (IceCv)
  An ufetubus (D:6)
  3 dart slugs
  70 orcs
  11 bats
  4 endoplasms
  8 giant cockroaches
  7 goblins
  3 hobgoblins
  3 jackals (D:3)
  22 kobolds
  3 quokkas
  8 ball pythons
  2 frilled lizards (D:1)
  5 rats
  2 briar patches (Swamp:4)
  A bush (Lair:3)
  2 fungi (Swamp:1)
1664 creatures vanquished.

Vanquished Creatures (others)
  A fenstrider witch (Swamp:4)
  A fire dragon (Depths:4)
  A ghost crab (Swamp:4)
  A will-o-the-wisp (Swamp:3)
  9 bloated husks
  A hornet (Swamp:3)
  A jumping spider (Spider:1)
  4 phantoms (Swamp:4)
  A killer bee (D:14)
  4 foxfires (Swamp:2)
  31 fungi
  62 plants
  14 toadstools (Lair:3)
  7 withered plants
138 creatures vanquished.

Grand Total: 1802 creatures vanquished

Notes
Turn   | Place    | Note
-------+----------+-------------------------------------------
     0 | D:1      | Jerry the Vine Stalker Fighter began the quest for the Orb.
     0 | D:1      | Reached XP level 1. HP: 11/11 MP: 2/2
   167 | D:1      | Reached XP level 2. HP: 16/16 MP: 3/3
   752 | D:1      | Reached XP level 3. HP: 20/20 MP: 4/4
  1095 | D:2      | Found a faded altar of an unknown god.
  1264 | D:2      | Gained mutation: Your natural rate of healing is unusually
                  | fast. [Vine Stalker growth]
  1264 | D:2      | Reached XP level 4. HP: 10/24 MP: 2/5
  1732 | D:2      | Found Omabre's Weapon Emporium.
  1996 | D:3      | Found Goidghat's Jewellery Shoppe.
  2081 | D:3      | Reached XP level 5. HP: 26/28 MP: 6/6
  2929 | D:4      | Found the dreamshard necklace {*Dream Drain}
  2951 | D:4      | Found a staircase to the Ecumenical Temple.
  2961 | Temple   | Entered the Ecumenical Temple
  3193 | Temple   | Became a worshipper of Uskayaw the Reveller
  3253 | D:4      | Reached * piety under Uskayaw
  3255 | D:4      | Reached ** piety under Uskayaw
  3257 | D:4      | Reached XP level 6. HP: 33/33 MP: 7/7
  3294 | D:4      | Noticed Eustachio
  3323 | D:4      | Killed Eustachio
  3323 | D:4      | Reached *** piety under Uskayaw
  3324 | D:4      | Reached skill level 1 in Invocations
  3508 | D:4      | Noticed Blork the orc
  3511 | D:4      | Noticed Sigmund
  3518 | D:4      | Killed Blork the orc
  3519 | D:4      | Reached XP level 7. HP: 26/37 MP: 5/9
  3817 | D:5      | Entered Level 5 of the Dungeon
  3917 | D:5      | Reached skill level 2 in Invocations
  4294 | D:5      | Gained mutation: You have razor-sharp teeth. [Vine Stalker
                  | growth]
  4294 | D:5      | Reached XP level 8. HP: 30/42 MP: 6/11
  4541 | D:5      | Reached skill level 3 in Invocations
  4660 | D:5      | Gained mutation: You heal very quickly. [potion of
                  | mutation]
  4660 | D:5      | Gained mutation: You possess an exceptional clarity of
                  | mind. [potion of mutation]
  4660 | D:5      | Gained mutation: Your muscles are strong. (Str +2) [potion
                  | of mutation]
  4661 | D:5      | Lost mutation: Your muscles are strong. (Str +2) [potion of
                  | mutation]
  4661 | D:5      | Lost mutation: You possess an exceptional clarity of mind.
                  | [potion of mutation]
  4661 | D:5      | Gained mutation: You are robust. (+10% HP) [potion of
                  | mutation]
  4661 | D:5      | Gained mutation: You are very robust. (+20% HP) [potion of
                  | mutation]
  4661 | D:5      | Gained mutation: Your mind is acute. (Int +2) [potion of
                  | mutation]
  4739 | D:6      | Found a stormy altar of Qazlal.
  4837 | D:6      | Reached skill level 5 in Fighting
  4837 | D:6      | Reached skill level 5 in Shields
  4972 | D:6      | Reached **** piety under Uskayaw
  4974 | D:6      | Reached ***** piety under Uskayaw
  5322 | D:7      | Noticed Menkaure
  5338 | D:6      | Killed Menkaure
  5339 | D:6      | Reached skill level 5 in Short Blades
  5339 | D:6      | Reached skill level 4 in Invocations
  5339 | D:6      | Reached XP level 9. HP: 35/56 MP: 11/13
  5448 | D:7      | Reached skill level 5 in Armour
  6532 | D:8      | Reached skill level 5 in Invocations
  6589 | D:8      | Reached XP level 10. HP: 60/63 MP: 15/15
  6810 | D:8      | Found Vamig's General Store.
  6998 | D:9      | Identified the +7 war axe "Yskiutots" {spect, Int+3}
  7027 | D:9      | Found a staircase to the Orcish Mines.
  7173 | D:9      | Reached skill level 6 in Invocations
  7451 | Orc:1    | Entered Level 1 of the Orcish Mines
  7451 | Orc:1    | Noticed an orc knight
  7585 | D:9      | Killed an orc knight
  7963 | Orc:1    | Found a large runed translucent door.
  7963 | Orc:1    | Found a large runed translucent door.
  7964 | Orc:1    | Noticed Plasmagod's ghost (journeyman VSFi)
  8383 | Orc:1    | Noticed a deep elf zephyrmancer
  8391 | Orc:1    | Killed a deep elf zephyrmancer
  8392 | Orc:1    | Reached skill level 7 in Invocations
  8392 | Orc:1    | Identified the -1 hat of the Sacrificial Victim {Str+2}
  8415 | Orc:1    | Noticed a deep elf zephyrmancer
  8421 | Orc:1    | Killed a deep elf zephyrmancer
  8422 | Orc:1    | Reached XP level 11. HP: 62/70 MP: 17/17
  8541 | D:10     | Entered Level 10 of the Dungeon
  8596 | D:10     | Identified a scroll of acquirement
  8596 | D:10     | Acquired a +6 quick blade
  8650 | D:10     | Noticed Grum
  8669 | D:10     | Killed Grum
  8846 | D:10     | Noticed a two-headed ogre
  8854 | D:10     | Killed a two-headed ogre
  8901 | D:10     | Found a staircase to the Lair.
  8925 | D:10     | Reached ****** piety under Uskayaw
  9118 | D:10     | Noticed Josephine
  9166 | D:10     | Reached skill level 8 in Invocations
  9178 | Lair:1   | Entered Level 1 of the Lair of Beasts
  9178 | Lair:1   | Noticed a four-headed hydra
  9236 | D:10     | Killed Josephine
  9334 | D:10     | Noticed Snorg
  9346 | D:10     | Killed Snorg
  9509 | Lair:1   | Killed a four-headed hydra
  9510 | Lair:1   | Reached XP level 12. HP: 63/78 MP: 19/19
  9737 | Lair:1   | Reached skill level 9 in Invocations
  9756 | Lair:1   | Noticed Nergalle
  9771 | Lair:1   | Killed Nergalle
 10065 | Lair:2   | Noticed a five-headed hydra
 10074 | Lair:2   | Killed a five-headed hydra
 10147 | Lair:2   | Noticed a catoblepas
 10341 | Lair:2   | Killed a catoblepas
 10571 | Lair:2   | Noticed a boulder beetle
 10591 | Lair:2   | Killed a boulder beetle
 10706 | Lair:2   | Noticed a five-headed hydra
 10714 | Lair:2   | Killed a five-headed hydra
 11017 | Lair:2   | Reached skill level 10 in Fighting
 11017 | Lair:2   | Reached skill level 10 in Invocations
 11018 | Lair:2   | Found a staircase to the Swamp.
 11185 | Lair:3   | Reached XP level 13. HP: 78/86 MP: 18/21
 11327 | Lair:3   | Reached skill level 10 in Short Blades
 11640 | Lair:3   | Found a hole to the Spider Nest.
 11920 | Lair:3   | Found a blossoming altar of Fedhas.
 12566 | Lair:4   | Identified the +9 long sword of Jecwim {distort, Str+3}
 13355 | Lair:5   | Found a runed translucent gate.
 13355 | Lair:5   | Found a runed translucent gate.
 13355 | Lair:5   | Found a runed translucent gate.
 13356 | Lair:5   | Noticed Tali's ghost (journeyman DsBe)
 13371 | Lair:5   | Noticed Sonja
 13380 | Lair:5   | Killed Sonja
 13538 | Lair:5   | Reached skill level 11 in Invocations
 13558 | Lair:5   | Reached skill level 10 in Armour
 13824 | Lair:5   | Found a viscous altar of Jiyva.
 13824 | Lair:5   | Found a staircase to the Slime Pits.
 14059 | Lair:6   | Entered Level 6 of the Lair of Beasts
 14091 | Lair:6   | Reached XP level 14. HP: 94/94 MP: 23/23
 14167 | Lair:6   | Found a runed translucent gate.
 14168 | Lair:6   | Found a runed translucent gate.
 14169 | Lair:6   | Found a runed translucent gate.
 14170 | Lair:6   | Noticed Wostir's ghost (journeyman TeMo)
 14171 | Lair:6   | Noticed Viyna's ghost (journeyman DrTm)
 14630 | Lair:6   | Reached skill level 12 in Invocations
 15525 | Lair:6   | Noticed a dire elephant
 15614 | Lair:6   | Killed a dire elephant
 15826 | Lair:6   | Found the +3 pair of seven-league boots {Rampage+∞}
 16081 | Lair:6   | Reached XP level 15. HP: 29/100 MP: 23/25
 16182 | Lair:6   | Identified the +4 broad axe of Lies {protect, rCorr Str-4
                  | Int+4}
 16360 | Lair:6   | Killed Wostir's ghost
 16364 | Lair:6   | Killed Viyna's ghost
 16370 | Lair:6   | Identified the amulet "Hoifil" {Acrobat Str+4}
 16527 | Orc:2    | Entered Level 2 of the Orcish Mines
 16711 | Orc:2    | Reached skill level 13 in Invocations
 16938 | Orc:2    | Found Suinn's Magic Scroll Boutique.
 16938 | Orc:2    | Found Ufoh's Distillery.
 16939 | Orc:2    | Found Gekunk's Armour Shoppe.
 16939 | Orc:2    | Found Yvois's Distillery.
 17192 | Orc:2    | Found a staircase to the Elven Halls.
 17546 | Orc:2    | Bought a scroll of acquirement for 884 gold pieces
 17547 | Orc:2    | Acquired a +1 cloak of preservation
 17584 | Elf:1    | Entered Level 1 of the Elven Halls
 17882 | D:11     | Identified the ring "Ruesh" {Fly rF+ EV+4 SInv}
 17899 | D:11     | Noticed Harold
 17909 | D:11     | Killed Harold
 18346 | D:12     | Found Bycsuos's Assorted Antiques.
 18373 | D:12     | Identified the +1 pair of boots of the Tuna {rC++ rCorr
                  | Str+2 Stlth-}
 18395 | D:12     | Found a frozen archway.
 18432 | IceCv    | Entered an ice cave
 18490 | IceCv    | Reached XP level 16. HP: 109/109 MP: 27/27
 18998 | D:12     | Bought a lumpy blue amulet for 140 gold pieces
 19500 | D:13     | Reached skill level 14 in Invocations
 19676 | D:13     | Found a gate to the Vaults.
 20361 | D:14     | Noticed a tengu reaver
 20418 | D:14     | Killed a tengu reaver
 20743 | D:14     | Identified the +4 hand crossbow of Purpose {vorpal,
                  | *Corrode Int+6 Stlth+}
 21187 | D:15     | Entered Level 15 of the Dungeon
 21234 | D:15     | Found a staircase to the Depths.
 21323 | D:15     | Reached XP level 17. HP: 108/116 MP: 27/29
 21426 | D:15     | Reached skill level 1 in Dodging
 21548 | D:15     | Reached skill level 15 in Invocations
 21821 | D:15     | Found Itul's Weapon Boutique.
 22157 | Depths:1 | Entered Level 1 of the Depths
 22388 | Swamp:1  | Entered Level 1 of the Swamp
 22547 | Swamp:1  | Noticed Mlioglotl
 22560 | Swamp:1  | Killed Mlioglotl
 22815 | Swamp:1  | Noticed Jorgrun
 22825 | Swamp:1  | Killed Jorgrun
 22942 | Swamp:1  | Identified the +3 quarterstaff of Undoing {vorpal, rElec
                  | rN+++ Int-4 Stlth+}
 23036 | Swamp:2  | Found the +7 Throatcutter {drain, coup de grace}
 24321 | Swamp:3  | Reached skill level 15 in Fighting
 24367 | Swamp:3  | Reached XP level 18. HP: 109/124 MP: 25/30
 24675 | Swamp:4  | Entered Level 4 of the Swamp
 24760 | Swamp:4  | Noticed Louise
 24785 | Swamp:4  | Killed Louise
 24805 | Swamp:4  | Reached skill level 5 in Dodging
 24842 | Swamp:4  | Noticed Kirke
 24848 | Swamp:4  | Found an opulent altar of Gozag.
 24858 | Swamp:4  | Killed Kirke
 25120 | Swamp:4  | Reached skill level 16 in Invocations
 25742 | Swamp:4  | Noticed a bone dragon
 25787 | Swamp:4  | Killed a bone dragon
 25808 | Swamp:4  | Got a decaying rune of Zot
 26051 | Spider:1 | Entered Level 1 of the Spider Nest
 26688 | Spider:2 | Noticed Nikola
 26707 | Spider:2 | Killed Nikola
 27794 | Spider:3 | Reached XP level 19. HP: 100/130 MP: 0/32
 28105 | Spider:3 | Reached skill level 17 in Invocations
 28292 | Spider:3 | Reached skill level 15 in Armour
 28633 | Spider:4 | Entered Level 4 of the Spider Nest
 28718 | Spider:4 | Paralysed by a jorogumo for 2 turns
 28743 | Spider:4 | Found a transporter.
 29678 | Spider:4 | Noticed Ornithology's ghost (adept TeAE)
 29699 | Spider:4 | Found a transporter.
 29934 | Spider:4 | Got a gossamer rune of Zot
 30251 | Vaults:1 | Entered Level 1 of the Vaults
 30583 | Vaults:1 | Reached skill level 18 in Invocations
 30653 | Vaults:1 | Reached XP level 20. HP: 117/139 MP: 34/34
 31113 | Vaults:1 | Found Wuomeir's Armour Boutique.
 31950 | Vaults:2 | Found a staircase to the Crypt.
 32564 | Vaults:2 | You are sucked into a shaft and drop 1 floor!
 32909 | Vaults:3 | Reached skill level 19 in Invocations
 33593 | Vaults:3 | Reached XP level 21. HP: 145/145 MP: 35/35
 33696 | Vaults:3 | Identified the ring of Qaerch {rF+++ rCorr Int+6 Dex-4
                  | Stlth-}
 33770 | Vaults:3 | Reached skill level 10 in Shields
 34970 | Depths:1 | Found a one-way gate leading to the halls of Pandemonium.
 35274 | Depths:1 | Found a shimmering altar of Xom.
 35436 | Depths:1 | Found a one-way gate to the infinite horrors of the Abyss.
 35467 | Depths:1 | Found a gateway to Hell.
 35792 | Depths:2 | Reached skill level 20 in Invocations
 36321 | Depths:2 | Reached XP level 22. HP: 132/152 MP: 32/37
 36624 | Depths:3 | Noticed a juggernaut
 36680 | Depths:2 | Killed a juggernaut
 37560 | Depths:3 | Found Asuockul's Book Emporium.
 37560 | Depths:3 | Found Xienewna's Jewellery Boutique.
 37561 | Depths:3 | Found Sown's Jewellery Boutique.
 37571 | Depths:3 | Bought the ring "Bemaruyq" {Fly rPois rC++ rN+ Str+4} for
                  | 588 gold pieces
 37717 | Depths:3 | Found a runed translucent door.
 37719 | Depths:3 | Noticed Kaptain's ghost (veteran GrEE)
 37776 | Depths:3 | Killed Kaptain's ghost
 37917 | Depths:4 | Entered Level 4 of the Depths
 38259 | Depths:4 | Reached skill level 21 in Invocations
 38503 | Depths:4 | Found a one-way gateway to a ziggurat.
 38888 | Depths:4 | Found a gate to the Realm of Zot.
 39293 | Crypt:1  | Entered Level 1 of the Crypt
 39335 | Crypt:1  | Reached XP level 23. HP: 159/159 MP: 38/38
 39638 | Crypt:1  | HP: 7/156 [ancient champion/+2 great mace of draining[an
                  | ancient champion] (2)]
 39640 | Crypt:1  | Killed from afar by an ancient champion

Illustrated notes

Levels and vault maps discovered:
D:1:      amcnicky_arrival_single_pillar, layout_loops_ring,
          chequers_serial_rivers_micro_c
D:2:      layout_basic, nicolae_ecumenical_pavilion, serial_shops,
          nicolae_shop_bloodbath_and_beyond, minmay_between
D:3:      layout_basic, serial_shops, nicolae_diamond_shop,
          nicolae_elevator_lobby_asterisk
D:4:      layout_loops_ring, minmay_temple_entry_antechambers, uniq_eustachio,
          uniq_sigmund, uniq_blork_the_orc
D:5:      layout_basic, grunt_ministairs_10
D:6:      layout_basic, grunt_qazlal_sundering
D:7:      layout_basic, uniq_menkaure
D:8:      layout_rooms, serial_shops, kennysheep_mini,
          chequers_serial_rivers_small_a, minmay_misc_feat_plants
D:9:      layout_rooms, orc_0_dummy, grunt_ministairs_5
D:10:     layout_gridville, due_lair_maze_entry_diamond, uniq_snorg,
          uniq_josephine, uniq_grum
D:11:     layout_cave_pools, minmay_misc_feat_hallway, uniq_harold
D:12:     layout_rooms, portal_ice_cave_entry_imps, serial_shops,
          nicolae_shop_advertising_works [nicolae_subvault_shop_adworks]
D:13:     layout_loops_ring, lightli_vaults_fourway_checkpoint, st_stairs_12
D:14:     regret_index_bee_streams, layout_rooms, interstate_on_off,
          serial_co_window_serial, co_window_of_opportunity_a,
          co_window_paths_a, co_window_paths_a, co_window_paths_b,
          co_window_paths_a, co_window_paths_a, co_window_broadway_a,
          co_window_broadway_c, co_window_corner_b, glass_columns_a,
          glass_columns_b, glass_columns_b
D:15:     gammafunk_depths_entry_grave, layout_basic, roderic_serpentine_path,
          serial_shops, shop
Temple:   mainiacjoe_temple_hex_bubbles
Lair:1:   layout_big_grid, roderic_batcave, uniq_nergalle
Lair:2:   layout_regular_city, nicolae_swamp_entry_splash_gauntlet,
          grunt_megastairs_2
Lair:3:   layout_regular_city, nicolae_spider_entry_orb_guardian, tgw_fedhas,
          lemuel_fruit_fields
Lair:4:   layout_cave_pods, st_stairs_10
Lair:5:   layout_cave_shapes, slime_altar_1, ebering_ghost_rock_garden,
          grunt_megastairs_1, uniq_sonja
Lair:6:   hangedman_lair_caniforms_friends, layout_long_grid,
          hangedman_lair_in_review, gammafunk_ghost_cemetery,
          hellmonk_guarded_unrand_seven_league_boots
Swamp:1:  layout_falls_marsh, nicolae_swamp_bean_lake, water_boxes_lemuel,
          infiniplex_staircase_pool, uniq_mlioglotl, uniq_jorgrun
Swamp:2:  layout_basic_swamp, nicolae_swamp_some_circles,
          nicolae_swamp_tree_designs
Swamp:3:  layout_basic_swamp, serial_swamp_ruin, hangedman_swamp_ruin_wall,
          evilmike_swamp_ruin_rubble_1, evilmike_swamp_ruin_rubble_2,
          swamp_pool2
Swamp:4:  swamp_pestilence, layout_basic_swamp, swamp_pool2, ldierk_geyser,
          nicolae_swamp_godswood, hangedman_swamp_pad, hangedman_swamp_diagram,
          uniq_louise, uniq_kirke
Spider:1: layout_spider_delve
Spider:2: nicolae_spider_hilbert_zone_7 [nicolae_spider_hilbert_4_sides_1_open,
          nicolae_spider_hilbert_4_sides_1_open,
          nicolae_spider_hilbert_4_sides_1_open,
          nicolae_spider_hilbert_4_sides_1_open,
          nicolae_spider_hilbert_3_sides_1_open,
          nicolae_spider_hilbert_3_sides_1_open,
          nicolae_spider_hilbert_3_sides_1_open,
          nicolae_spider_hilbert_3_sides_1_open,
          nicolae_spider_hilbert_4_sides_1_open,
          nicolae_spider_hilbert_4_sides_1_open,
          nicolae_spider_hilbert_4_sides_1_open,
          nicolae_spider_hilbert_2_sides_1_open,
          nicolae_spider_hilbert_2_sides_1_open,
          nicolae_spider_hilbert_2_sides_1_open,
          nicolae_spider_hilbert_2_sides_1_open,
          nicolae_spider_hilbert_2_sides_1_open,
          nicolae_spider_hilbert_2_sides_1_open], uniq_nikola
Spider:3: layout_spider_delve, nicolae_spider_shape
Spider:4: spider_rune_water, gammafunk_ghost_arena, guppyfry_spider_mini_3
Orc:1:    layout_caves, ebering_ghost_disaster_area, hangedman_minor_magic
Orc:2:    st_orc_ogre_mass, layout_caves
Elf:1:    minmay_elf_arrival_circle, layout_gridlike, serial_sigils,
          serial_sigils_hangedman_gut, serial_sigils_hangedman_snap,
          serial_sigils_hangedman_gut, serial_sigils_hangedman_writhe,
          minmay_elf_annihilation, moated_statue, nicolae_elf_stone_circles,
          lemuel_upstairs_altar
Vaults:1: nicolae_vaults_mini_display_case, v_alt_pattern_5,
          nicolae_vaults_little_squares_6, nicolae_vaults_triangles, v_misc_1,
          nicolae_vaults_shelves_hall, v_misc_15, hangedman_vaults_cutoff,
          vaults_dpeg_encased_lava, grunt_vaults_bifocal,
          hangedman_vaults_snaps, layout_vaults_ring, serial_shops,
          nicolae_square_shop
Vaults:2: v_rooms_1, grunt_vaults_hallway_long, hangedman_vaults_nails,
          nicolae_vaults_inception_corners, v_rooms_2,
          minmay_crypt_entry_simple_sparse, nicolae_vaults_murderbox,
          ontoclasm_vaults_decontamination, layout_vaults_chaotic_city
Vaults:3: nicolae_vaults_minivaults, v_alt_pattern_1,
          vaults_standard_mumra_lines, vaults_dpeg_diagonal, vaults_mumra_hex,
          v_misc_31, v_misc_9, grunt_vaults_hallway_long,
          grunt_vaults_trifunnel, nicolae_vaults_alarming, layout_vaults_omnibox
Crypt:1:  layout_gridlike, hangedman_weighted_door, grunt_crypt_arrival_webbed
Depths:1: layout_cave_pools, rand_demon_pan_entry_5, hangedman_geh_valley,
          abyss_entry, minmay_strange_pillars, minmay_misc_feat_five,
          st_stairs_12, hangedman_decor_growths, xom_teletrap_fun
Depths:2: minmay_octagon_keep, layout_basic, hell_entry, nrook_mini_vaults,
          rand_demon_pan_entry_3, minmay_misc_feat_columns,
          minmay_staircase_statues
Depths:3: evilmike_hourglass, layout_twisted_cross,
          serial_sigils_hangedman_stare, ebering_ghost_inner_flame, abyss_entry,
          pf_hell_entry_tar_spiral, grunt_ministairs_4,
          minmay_staircase_windowed_large, minmay_shop_grove
Depths:4: evilmike_zot_entry_basic, layout_cross, enter_ziggurat_c,
          serial_sigils_hangedman_confine, grunt_hell_entry_dis_grunt,
          grunt_megastairs_5

Skill      XL: |  1  2  3  4  5  6  7  8  9 10 11 12 13 14 15 16 17 18 19 20 21 22 |
---------------+-------------------------------------------------------------------+-----
Short Blades   | 2 3 4 5 6 7 8 9 10 12 13 14 | 14.8
Fighting       | 3 4 5 6 7 8 10 11 12 13 14 15 16 17 18 | 18.4
Shields        | 3 4 5 6 7 9 10 11 | 11.3
Armour         | 3 4 5 7 8 9 10 11 12 13 14 15 16 17 18 | 18.5
Invocations    | 1 2 4 5 7 8 10 11 12 13 14 15 16 18 19 20 21 | 21.2
Dodging        | 4 6 |  6.2

Action                   |  1- 3 |  4- 6 |  7- 9 | 10-12 | 13-15 | 16-18 | 19-21 | 22-24 || total
-------------------------+-------+-------+-------+-------+-------+-------+-------+-------++-------
Melee: Rapier            |   100 |   117 |   276 |   219 |       |       |       |       ||   712
       Bite              |    22 |    32 |    75 |   217 |   668 |  1041 |  1204 |   563 ||  3822
       Dagger            |       |     7 |       |       |       |       |       |       ||     7
       Quick blade       |       |       |       |   447 |  1531 |  2148 |  2242 |   945 ||  7313
Throw: Throwing net      |       |       |       |     4 |       |       |       |       ||     4
Invok: Line Pass         |       |       |       |       |     2 |       |     5 |     1 ||     8
       Grand Finale      |       |       |       |       |       |     1 |       |       ||     1
       Stomp             |       |       |       |       |       |       |     1 |       ||     1
Evoke: Wand              |       |       |       |     8 |       |       |     1 |     1 ||    10
  Use: Potion            |       |     1 |     2 |     1 |       |     2 |     1 |       ||     7
       Scroll            |       |       |    12 |     6 |    14 |     3 |     4 |     2 ||    41
 Stab: Paralysed         |       |       |     9 |    46 |   106 |   146 |   215 |    97 ||   619
       Sleeping          |       |       |       |     2 |       |       |       |       ||     2
       Held in net/web   |       |       |       |     4 |       |       |       |       ||     4
       Distracted        |       |       |       |       |     1 |       |       |       ||     1
       Petrified         |       |       |       |       |       |     9 |       |       ||     9
       Petrifying        |       |       |       |       |       |     1 |       |       ||     1
       Confused          |       |       |       |       |       |     1 |     6 |     1 ||     8
Armor: Scale mail        |    37 |    54 |    90 |       |       |       |       |       ||   181
       Leather armour    |       |       |    10 |    76 |    85 |       |       |       ||   171
       Chain mail        |       |       |       |       |    55 |   196 |       |       ||   251
       Ice dragon scales |       |       |       |       |    10 |     7 |       |       ||    17
       Plate armour      |       |       |       |       |       |   390 |   506 |   242 ||  1138
Dodge: Dodged            |    48 |    43 |   108 |   225 |   269 |   640 |   560 |   160 ||  2053
Block: Buckler           |    15 |    31 |    67 |   120 |   296 |   292 |   220 |       ||  1041
       Reflection        |       |       |       |       |     2 |       |       |       ||     2
       Kite shield       |       |       |       |       |       |       |   130 |   307 ||   437
